 Dungeon Crawl Stone Soup version 0.21-a0-536-gdbbf329 (webtiles) character file.

2809 Amnesiac the Thaumaturge (level 9, -8/66 HPs)
             Began as a Gnoll Wizard on Dec 14, 2017.
             Was a Believer of Ashenzari.
             Killed by divine providence
             ... invoked by an orc priest
              (14 damage)
             ... on level 8 of the Dungeon.
             The game lasted 00:23:34 (8665 turns).

Amnesiac the Thaumaturge (Gnoll Wizard)             Turns: 8665, Time: 00:23:35

Health: -8/66      AC: 12    Str: 10    XL:     9   Next: 72%
Magic:  30/30      EV: 15    Int: 23    God:    Ashenzari [**....]
Gold:   22         SH:  0    Dex: 12    Spells: 4/25 levels left

rFire    + . .     SeeInvis .   a - +1 short sword (elec)
rCold    + + .     Gourm    .   (no shield)
rNeg     . . .     Faith    .   L - +3 leather armour {rC+}
rPois    .         Spirit   .   x - +0 helmet (curse)
rElec    .         Reflect  .   j - +0 cloak (curse)
rCorr    .         Harm     +   (no gloves)
MR       .....                  v - +2 pair of boots of Aghoa {rF+ rC+ Dex-2} (curse)
Stlth    +++.......             B - amulet of harm (curse)
HPRegen  0.21/turn              g - ring of flight
MPRegen  0.22/turn              I - ring of magical power (curse)

@: no status effects
A: distributed training, fangs 1, strong nose
a: Curse Item, Scrying, Renounce Religion, Evoke Flight


You were on level 8 of the Dungeon.
You worshipped Ashenzari.
Ashenzari was pleased with you.
You were hungry.

You visited 2 branches of the dungeon, and saw 9 of its levels.
You also visited: Ossuary.

You collected 383 gold pieces.
You spent 361 gold pieces at shops.

Inventory:

Hand Weapons
 a - a +1 short sword of electrocution (weapon)
 b - the +1 morningstar of Mogujistarph {flame, rPois Int+3}
   (You found it on level 6 of the Dungeon)

   It has been specially enchanted to burn those struck by it, causing extra
   injury to most foes and up to half again as much damage against particularly
   susceptible opponents.
   It affects your intelligence (+3).
   It protects you from poison.
Missiles
 f - 9 poisoned needles
Armour
 j - a cursed +0 cloak (worn)
 v - the cursed +2 pair of boots of Aghoa (worn) {rF+ rC+ Dex-2}
   (You found it on level 4 of the Dungeon)

   It affects your dexterity (-2).
   It protects you from fire.
   It protects you from cold.
   It has a curse placed upon it.
 x - a cursed +0 helmet (worn)
 L - a +3 leather armour of cold resistance (worn)
Jewellery
 g - a ring of flight (left hand)
 m - an uncursed ring of flight
 u - an uncursed ring of see invisible
 B - a cursed amulet of harm (around neck)
 C - an uncursed ring of protection from cold
 I - a cursed ring of magical power (right hand)
Wands
 F - a wand of iceblast (8)
 G - a wand of clouds (5)
 K - a wand of polymorph (5)
Scrolls
 i - a scroll of blinking {!r}
 k - 12 scrolls of teleportation {!r TELE, unknown}
 o - 4 scrolls of remove curse {!r}
 p - 5 scrolls of magic mapping {!r}
 r - a scroll of fear {!r}
 t - 2 scrolls of fog {!r}
 y - a scroll of enchant armour {!r}
 z - a scroll of immolation {!r, unknown}
Potions
 e - 2 potions of brilliance {!q}
 h - 2 potions of agility {!q}
 n - 4 potions of curing {!q}
 q - a potion of berserk rage {!q, unknown}
 s - a potion of resistance {!q}
 w - 2 potions of cancellation {!q}
 A - a potion of lignification {!q}
 E - 3 potions of haste {!q}
 H - 3 potions of might {!q}
 J - a potion of heal wounds {!q}
 M - a potion of flight {!q}
Books
 c - a book of Minor Magic

   Spells                             Type                      Level
   a - Magic Dart                     Conjuration                  1
   b - Blink                          Translocation                2
   c - Call Imp                       Summoning                    2
   d - Slow                           Hexes                        2
   e - Conjure Flame                  Conjuration/Fire             3
   f - Mephitic Cloud                 Conjuration/Poison/Air       3
 l - a book of Misfortune

   Spells                             Type                      Level
   a - Confusing Touch                Hexes                        1
   b - Confuse                        Hexes                        3
   c - Gell's Gravitas                Translocation                3
   d - Petrify                        Transmutation/Earth          4
   e - Metabolic Englaciation         Hexes/Ice                    5
   f - Yara's Violent Unravelling     Hexes/Transmutation          5
 D - a book of Geomancy

   Spells                             Type                      Level
   a - Sandblast                      Earth                        1
   b - Passwall                       Transmutation/Earth          2
   c - Stone Arrow                    Conjuration/Earth            3
   d - Petrify                        Transmutation/Earth          4
   e - Lee's Rapid Deconstruction     Earth                        5
Comestibles
 d - 9 bread rations


   Skills:
 + Level 4.4 Fighting
 + Level 4.4 Short Blades
 + Level 4.4 Long Blades
 + Level 4.4 Axes
 + Level 4.4 Maces & Flails
 + Level 4.4 Polearms
 + Level 4.4 Staves
 + Level 4.4 Slings
 + Level 4.4 Bows
 + Level 4.4 Crossbows
 + Level 4.4 Throwing
 + Level 4.4 Armour
 + Level 6.4(7.9) Dodging
 + Level 6.2(7.6) Stealth
 + Level 4.4 Shields
 + Level 4.4 Unarmed Combat
 + Level 8.5 Spellcasting
 + Level 4.3(5.7) Conjurations
 + Level 3.6(5.0) Hexes
 + Level 3.6(5.0) Charms
 + Level 4.3(5.7) Summonings
 + Level 3.6(5.0) Necromancy
 + Level 4.3(5.7) Translocations
 + Level 3.6(5.0) Transmutations
 + Level 3.6(5.0) Fire Magic
 + Level 3.6(5.0) Ice Magic
 + Level 3.6(5.0) Air Magic
 + Level 3.6(5.0) Earth Magic
 + Level 3.6(5.0) Poison Magic
 + Level 4.9 Invocations
 + Level 4.4(5.8) Evocations


You had 4 spell levels left.
You knew the following spells:

 Your Spells              Type           Power        Failure   Level  Hunger
a - Stone Arrow           Conj/Erth      ####..       2%          3    None
b - Passwall              Tmut/Erth      ####......   1%          2    None
c - Mephitic Cloud        Conj/Pois/Air  ####....     3%          3    None
d - Call Imp              Summ           #####...     1%          2    None
e - Confuse               Hex            ####....     3%          3    None
f - Magic Dart            Conj           ####         1%          1    None
s - Conjure Flame         Conj/Fire      ####....     2%          3    None
v - Blink                 Tloc           N/A          1%          2    None
w - Slow                  Hex            ####....     1%          2    None


Dungeon Overview and Level Annotations

Branches:
Dungeon (8/15)             Temple (1/1) D:5
   Lair: D:8-11

Altars:
Ashenzari
Cheibriados
Dithmenos
Fedhas
Gozag
Hepliaklqana
Makhleb
Nemelex Xobeh
Okawaru
Qazlal
Ru
Sif Muna
Uskayaw
Vehumet
Wu Jian
Xom
Yredelemnul
Zin
The Shining One

Shops:
D:6 !   D:8 [*


Innate Abilities, Weirdness & Mutations

Your experience applies equally to all skills.
You have very sharp teeth.
Your uncanny sense of smell can sniff out nearby items.


Message History

The orc warrior closely misses the crimson imp.
You hit the orc warrior but do no damage.
You bite the orc warrior, but do no damage.
The orc warrior is severely wounded.
You hit the orc warrior but do no damage.
The orc warrior is severely wounded.
The orc warrior misses the crimson imp.
You hit the orc warrior but do no damage.
Lightning courses through the orc warrior!
You kill the orc warrior!
You hit the crimson imp but do no damage.
The crimson imp is heavily wounded.
The crimson imp misses you.
You completely miss the crimson imp.
The crimson imp is moderately wounded.
The crimson imp hits you but does no damage.
You barely miss the crimson imp.
The crimson imp is moderately wounded.
The crimson imp barely misses you.
You completely miss the crimson imp.
The crimson imp is moderately wounded.
The orc priest looks braver for a moment.
The crimson imp barely misses you.
You puncture the crimson imp!
Lightning courses through the crimson imp!
You kill the crimson imp!
You barely miss the orc. The orc hits you but does no damage.
You closely miss the orc. The orc hits you but does no damage.
Your leather armour prevents you from hitting the orc.
The orc priest mumbles some strange prayers to Beogh against you.
Beogh smites you!
* * * LOW HITPOINT WARNING * * *
You completely miss the orc. The orc closely misses you.
You hit the orc. Lightning courses through the orc!
You kill the orc!
A worker ant comes into view.
You hit the orc priest.
The orc priest is moderately wounded.
The orc priest barely misses you.
You hit the orc priest.
You bite the orc priest, but do no damage.
The orc priest is almost dead.
The orc priest drinks a potion.
The orc priest seems to grow stronger.
You closely miss the orc priest.
The orc priest is almost dead.
The orc priest hits you with a club!
* * * LOW HITPOINT WARNING * * *
You are too injured to fight recklessly!
You are too injured to fight recklessly!
You are too injured to fight recklessly!
You closely miss the orc priest.
The orc priest is almost dead.
Unknown command.
You closely miss the orc priest.
The orc priest is almost dead.
The orc priest invokes the aid of Beogh against you.
Pain shoots through your body!
* * * LOW HITPOINT WARNING * * *
Unknown command.
You barely miss the orc priest.
The orc priest is almost dead.
The orc priest invokes the aid of Beogh against you.
Beogh smites you!
You die...

* #.......# * #..≈≈≈..#
* * #.≈≈≈≈≈># , . *
#...∩≈≈.# .:# #<≈≈≈≈≈.#
, ..#### #..≈≈≈..# ,,*
...# #.......# *
#####.########.......#
,#........ao@......####
...8.8.8###########.#
#.#.⌠.⌠)# ####.#####
#..8.∩.8# #........#
##..⌠.⌠.# #........#
#.8.8.8# #........#
#.....## #........#
###### #........#
##########


You could see a worker ant and an orc priest.

Vanquished Creatures
  Prince Ribbit (D:5)
  A hippogriff (D:5)
  The ghost of kiturien the Chopper, an amateur DrSk (Ossuary)
  Eustachio (D:6)
  Menkaure (D:6)
  Duvessa (D:6)
  2 orc warriors
  A black bear (D:7)
  3 phantoms
  2 centaurs (D:5)
  2 ogres (D:4)
  3 elf zombies (Ossuary)
  Dowan (D:6)
  A scorpion (D:4)
  A howler monkey (D:8)
  3 crimson imps
  A human zombie (Ossuary)
  A hound (D:4)
  A centaur zombie (Ossuary)
  2 orc priests
  Crazy Yiuf (D:3)
  An orc wizard (D:4)
  An iguana (D:5)
  3 worker ants
  A big kobold zombie (Ossuary)
  A hound zombie (D:5)
  2 mummies (Ossuary)
  A worker ant zombie (D:7)
  3 gnolls (D:6)
  A howler monkey skeleton (D:5)
  6 adders
  A shadow imp (D:6)
  2 adder skeletons
  3 adder zombies
  5 worms
  2 dart slugs
  17 orcs
  A ball python (D:6)
  17 bats
  5 giant cockroaches
  9 goblins
  8 hobgoblins
  3 jackals (D:1)
  2 quokkas (D:2)
  7 frilled lizards
  14 hobgoblin zombies (Ossuary)
  A jackal zombie (Ossuary)
  11 kobolds
  4 kobold zombies (Ossuary)
  9 orc zombies (Ossuary)
  A quokka skeleton (D:4)
  8 rats
  3 rat zombies
  2 fungi (D:4)
186 creatures vanquished.

Vanquished Creatures (collateral kills)
  An iguana (D:4)
1 creature vanquished.

Grand Total: 187 creatures vanquished

Notes
Turn   | Place    | Note
-------+----------+-------------------------------------------
     0 | D:1      | Amnesiac the Gnoll Wizard began the quest for the Orb.
     0 | D:1      | Reached XP level 1. HP: 13/13 MP: 8/8
   121 | D:1      | Reached XP level 2. HP: 19/19 MP: 1/10
   388 | D:1      | Reached XP level 3. HP: 21/25 MP: 8/11
   520 | D:1      | Learned a level 2 spell: Blink
   523 | D:1      | Learned a level 2 spell: Call Imp
   526 | D:1      | Learned a level 2 spell: Slow
   530 | D:1      | Learned a level 3 spell: Conjure Flame
   534 | D:1      | Learned a level 3 spell: Mephitic Cloud
   699 | D:3      | Reached skill level 1 in Invocations
   764 | D:3      | Found an iron altar of Okawaru.
   764 | D:3      | Found a glowing golden altar of the Shining One.
   808 | D:3      | Noticed a phantom
   976 | D:3      | Reached skill level 1 in Fighting
   976 | D:3      | Reached skill level 1 in Short Blades
   976 | D:3      | Reached skill level 1 in Long Blades
   976 | D:3      | Reached skill level 1 in Axes
   976 | D:3      | Reached skill level 1 in Maces & Flails
   976 | D:3      | Reached skill level 1 in Polearms
   976 | D:3      | Reached skill level 1 in Staves
   976 | D:3      | Reached skill level 1 in Slings
   976 | D:3      | Reached skill level 1 in Bows
   976 | D:3      | Reached skill level 1 in Crossbows
   976 | D:3      | Reached skill level 1 in Throwing
   976 | D:3      | Reached skill level 1 in Armour
   976 | D:3      | Reached skill level 1 in Shields
   976 | D:3      | Reached skill level 1 in Unarmed Combat
   976 | D:3      | Reached skill level 1 in Evocations
  1133 | D:4      | Reached XP level 4. HP: 32/32 MP: 7/13
  1175 | D:4      | Found a sand-covered staircase.
  1356 | Ossuary  | Entered an ossuary
  1438 | Ossuary  | Reached skill level 1 in Hexes
  1438 | Ossuary  | Reached skill level 1 in Charms
  1438 | Ossuary  | Reached skill level 1 in Necromancy
  1438 | Ossuary  | Reached skill level 1 in Transmutations
  1438 | Ossuary  | Reached skill level 1 in Fire Magic
  1438 | Ossuary  | Reached skill level 1 in Ice Magic
  1438 | Ossuary  | Reached skill level 1 in Air Magic
  1438 | Ossuary  | Reached skill level 1 in Earth Magic
  1438 | Ossuary  | Reached skill level 1 in Poison Magic
  1589 | Ossuary  | Reached XP level 5. HP: 36/37 MP: 0/14
  1828 | Ossuary  | Reached XP level 6. HP: 26/44 MP: 1/16
  2067 | Ossuary  | Reached skill level 5 in Dodging
  2103 | Ossuary  | Noticed kiturien's ghost (amateur DrSk)
  2388 | Ossuary  | Killed kiturien's ghost
  2388 | Ossuary  | Reached XP level 7. HP: 45/50 MP: 9/18
  2857 | D:4      | Got a pair of dazzling boots
  2977 | D:4      | Reached skill level 5 in Stealth
  3040 | D:4      | Reached XP level 8. HP: 57/57 MP: 0/19
  3423 | D:5      | Entered Level 5 of the Dungeon
  3436 | D:5      | Noticed Prince Ribbit
  3606 | D:5      | Noticed a hippogriff
  3702 | D:5      | Killed a hippogriff
  4410 | D:5      | Killed Prince Ribbit
  4410 | D:5      | Reached skill level 8 in Spellcasting
  4852 | D:5      | Reached XP level 9. HP: 65/65 MP: 15/21
  4878 | D:5      | Found a staircase to the Ecumenical Temple.
  4885 | Temple   | Entered the Ecumenical Temple
  5056 | Temple   | Became a worshipper of Ashenzari the Shackled
  5062 | Temple   | Identified the +2 pair of boots of Aghoa {rF+ rC+ Dex-2} (You found it on level 4 of the Dungeon)
  6009 | D:2      | Learned a level 3 spell: Confuse
  6660 | D:3      | Found a runed door.
  6796 | D:3      | Noticed Crazy Yiuf
  6800 | D:3      | Killed Crazy Yiuf
  7087 | D:6      | Learned a level 2 spell: Passwall
  7091 | D:6      | Learned a level 3 spell: Stone Arrow
  7203 | D:6      | Noticed Duvessa
  7219 | D:6      | Killed Duvessa
  7220 | D:6      | Noticed Dowan
  7308 | D:6      | Killed Dowan
  7330 | D:6      | Reached * piety under Ashenzari
  7351 | D:6      | Noticed Eustachio
  7420 | D:6      | Got the morningstar of Mogujistarph {flame, rPois Int+3}
  7521 | D:6      | Killed Eustachio
  7766 | D:6      | Found Ytaiheix's Distillery.
  7771 | D:6      | Bought a potion of brilliance for 44 gold pieces
  7771 | D:6      | Bought a potion of might for 44 gold pieces
  7771 | D:6      | Bought a potion of agility for 44 gold pieces
  7771 | D:6      | Bought a potion of curing for 33 gold pieces
  7771 | D:6      | Bought a potion of degeneration for 11 gold pieces
  7771 | D:6      | Bought a potion of cancellation for 88 gold pieces
  7780 | D:6      | Identified the +1 morningstar of Mogujistarph {flame, rPois Int+3} (You found it on level 6 of the Dungeon)
  7907 | D:6      | Noticed Menkaure
  7929 | D:6      | Killed Menkaure
  8179 | D:7      | Found a blossoming altar of Fedhas.
  8506 | D:7      | Reached ** piety under Ashenzari
  8574 | D:8      | Found Vullocla's Assorted Antiques.
  8598 | D:8      | Bought a scroll labeled RAORUZXURE for 25 gold pieces
  8598 | D:8      | Bought a murky ruby potion for 22 gold pieces
  8598 | D:8      | Bought a scroll of identify for 50 gold pieces
  8625 | D:8      | Found Afoteetu's Armour Boutique.
  8665 | D:8      | Killed from afar by an orc priest

Vault maps used:
D:1:      shiori_arrival_maze, corexii_item_surrounded_by_moat,
          minmay_tetromino_o2
D:2:      minmay_diamond_boxcup
D:3:      gammafunk_temple_overflow_wave, first_bread, uniq_crazy_yiuf_cottage
D:4:      enter_ossuary_4, minmay_gold_behind_fungi,
          minmay_misc_feat_more_columns
D:5:      temple_statues, uniq_prince_ribbit1
D:6:      serial_shops, kennysheep_little_box, uniq_duvessa, uniq_menkaure,
          uniq_eustachio
D:7:      old_standard_altar
D:8:      serial_shops, nicolae_shop_temple_entry_statues_fountains,
          nicolae_shop_waterfront, shop,
          nicolae_shop_temple_entry_statues_fountains, blue_anna_alchemist,
          grunt_ministairs_10
Temple:   eino_temple_scatter_basement
Ossuary:  ossuary_tomb_1

Skill      XL: |  1  2  3  4  5  6  7  8  9 |
---------------+----------------------------+-----
Conjurations   | 2 3 4 |  4.3
Summonings     | 2 3 4 |  4.3
Translocations | 2 3 4 |  4.3
Invocations    | 1 2 3 4 |  4.9
Fighting       | 1 2 3 4 |  4.4
Short Blades   | 1 2 3 4 |  4.4
Long Blades    | 1 2 3 4 |  4.4
Axes           | 1 2 3 4 |  4.4
Maces & Flails | 1 2 3 4 |  4.4
Polearms       | 1 2 3 4 |  4.4
Staves         | 1 2 3 4 |  4.4
Slings         | 1 2 3 4 |  4.4
Bows           | 1 2 3 4 |  4.4
Crossbows      | 1 2 3 4 |  4.4
Throwing       | 1 2 3 4 |  4.4
Armour         | 1 2 3 4 |  4.4
Shields        | 1 2 3 4 |  4.4
Unarmed Combat | 1 2 3 4 |  4.4
Evocations     | 1 2 3 4 |  4.4
Hexes          | 1 2 3 |  3.6
Charms         | 1 2 3 |  3.6
Necromancy     | 1 2 3 |  3.6
Transmutations | 1 2 3 |  3.6
Fire Magic     | 1 2 3 |  3.6
Ice Magic      | 1 2 3 |  3.6
Air Magic      | 1 2 3 |  3.6
Earth Magic    | 1 2 3 |  3.6
Poison Magic   | 1 2 3 |  3.6
Dodging        | 5 6 |  6.4
Stealth        | 5 6 |  6.2
Spellcasting   | 8 |  8.5

Action                   |  1- 3 |  4- 6 |  7- 9 || total
-------------------------+-------+-------+-------++-------
Melee: Unarmed           |    38 |    72 |    14 ||   124
       Bite              |     4 |     8 |    22 ||    34
       Punch             |       |     1 |       ||     1
       Short sword       |       |       |   118 ||   118
       Quarterstaff      |       |       |   109 ||   109
 Cast: Magic Dart        |    91 |    96 |   180 ||   367
       Slow              |     2 |       |       ||     2
       Conjure Flame     |     1 |     7 |     8 ||    16
       Call Imp          |       |     5 |     2 ||     7
       Mephitic Cloud    |       |     1 |    16 ||    17
       Blink             |       |       |     1 ||     1
       Stone Arrow       |       |       |    11 ||    11
       Confuse           |       |       |     5 ||     5
       Passwall          |       |       |     5 ||     5
Invok: Curse Item        |       |       |     5 ||     5
  Use: Scroll            |       |       |    10 ||    10
 Stab: Confused          |       |     4 |     9 ||    13
       Sleeping          |       |       |    12 ||    12
  Eat: Fruit             |       |     4 |       ||     4
       Royal jelly       |       |     1 |       ||     1
       Chunk             |       |       |    13 ||    13
       Meat ration       |       |       |     1 ||     1
Armor: Robe              |     4 |     3 |    41 ||    48
       Leather armour    |       |       |    13 ||    13
Dodge: Dodged            |    28 |    35 |   174 ||   237

Table legend:
 A = Spawn XP
 B = Non-spawn XP
 C = Spawn XP percentage of total XP
 D = Spawn monster count
 E = Non-spawn monster count
 F = Spawn count percentage of total count
 G = Total turns spent on level
                    A         B        C        D         E        F      G
               +---------+---------+-------+---------+---------+-------+---------
         Total |       0 |    4013 |   0.0 |       0 |     185 |   0.0 |  8665
               +---------+---------+-------+---------+---------+-------+---------
           D:1 |       0 |      51 |   0.0 |       0 |      32 |   0.0 |   771
           D:2 |       0 |     113 |   0.0 |       0 |      26 |   0.0 |   998
           D:3 |       0 |     209 |   0.0 |       0 |      23 |   0.0 |   951
           D:4 |       0 |     618 |   0.0 |       0 |      19 |   0.0 |  2090
           D:5 |       0 |    1003 |   0.0 |       0 |      16 |   0.0 |   940
           D:6 |       0 |     912 |   0.0 |       0 |      19 |   0.0 |   993
           D:7 |       0 |     209 |   0.0 |       0 |       6 |   0.0 |   506
           D:8 |       0 |     228 |   0.0 |       0 |       4 |   0.0 |    91
       Ossuary |       0 |     670 |   0.0 |       0 |      40 |   0.0 |  1127
               +---------+---------+-------+---------+---------+-------+---------
